PR
MEMPHIS MUSIC @ CROWLEY CAJUNS
09/05/2038
 
TOP OF THE 1ST
Memphis Music batting - Pitching for Crowley Cajuns : RHP Ramón Aragón
Pitching: RHP Ramón Aragón
Batting: LHB Bartolo Tasis 0-0: Ground out 4-3 (Groundball, 4, EV 86.2 MPH)
Batting: RHB Nathan Nelson 0-0: Swinging Strike
0-1: Swinging Strike
0-2: Ball
1-2: Strikes out looking
Batting: RHB Karel van Capelle 0-0: Ball
1-0: Ball
2-0: Foul Ball, location: 2F
2-1: Called Strike
2-2: Ground out 5-3 (Groundball, 56S, EV 83.1 MPH)
Top of the 1st over - 0 runs, 0 hits, 0 errors, 0 left on base; Memphis 0 - Crowley 0
BOTTOM OF THE 1ST
Crowley Cajuns batting - Pitching for Memphis Music : RHP Sergio Palácios
Pitching: RHP Sergio Palácios
Batting: RHB Arturo Cicerón 0-0: Called Strike
0-1: Ground out 2-3 (Groundball, 2R, EV 73.1 MPH)
Batting: RHB Vicente Perales 0-0: Ball
1-0: Called Strike
1-1: Bunt for hit to 15 - play at first, batter OUT! 1-3
Batting: RHB Norbert Schalk 0-0: Ball
1-0: Fly out, F1 (Line Drive, P, EV 71.2 MPH)
Bottom of the 1st over - 0 runs, 0 hits, 0 errors, 0 left on base; Memphis 0 - Crowley 0
TOP OF THE 2ND
Memphis Music batting - Pitching for Crowley Cajuns : RHP Ramón Aragón
Batting: SHB Yosuke Daisen 0-0: Called Strike
0-1: Ground out 1-3 (Groundball, P, EV 80.0 MPH)
Batting: LHB Sherman Kline 0-0: Called Strike
0-1: Foul Ball, location: 2F
0-2: Ball
1-2: Ball
2-2: Strikes out looking
Batting: RHB Jorge Pagán 0-0: Called Strike
0-1: Ball
1-1: Ball
2-1: Ball
3-1: Foul Ball, location: 2F
3-2: Strikes out swinging
Top of the 2nd over - 0 runs, 0 hits, 0 errors, 0 left on base; Memphis 0 - Crowley 0
BOTTOM OF THE 2ND
Crowley Cajuns batting - Pitching for Memphis Music : RHP Sergio Palácios
Batting: LHB Dustin Damitz 0-0: Ball
1-0: Ball
2-0: Ground out 4-3 (Groundball, 34, EV 103.1 MPH)
Batting: RHB Kennet Udinga 0-0: Fly out, F8 (Flyball, 8RXD, EV 106.2 MPH)
Batting: RHB Archie Pittman 0-0: Called Strike
0-1: Ball
1-1: Foul Ball, location: 2F
1-2: Strikes out looking
Bottom of the 2nd over - 0 runs, 0 hits, 0 errors, 0 left on base; Memphis 0 - Crowley 0
TOP OF THE 3RD
Memphis Music batting - Pitching for Crowley Cajuns : RHP Ramón Aragón
Batting: RHB David Maddox 0-0: Swinging Strike
0-1: SINGLE (Groundball, 6D, EV 98.1 MPH)
Batting: RHB Luis Esparza 0-0: Ball
1-0: Called Strike
1-1: SINGLE (Groundball, 56D, EV 107.5 MPH)
David Maddox to second
Batting: RHB Gerry Blanch 0-0: Hit by Pitch
David Maddox to third
Luis Esparza to second
Batting: LHB Bartolo Tasis 0-0: SINGLE (Line Drive, 34, EV 94.4 MPH)
David Maddox scores
Luis Esparza to third
Gerry Blanch to second
Batting: RHB Nathan Nelson 0-0: Called Strike
0-1: Ball
1-1: Fly out, F8 (Flyball, 8RM, EV 83.1 MPH)
Batting: RHB Karel van Capelle 0-0: DOUBLE (Flyball, 8RD, EV 92.5 MPH)
Luis Esparza scores
Gerry Blanch scores
Bartolo Tasis to third
Batting: SHB Yosuke Daisen 0-0: Ball
1-0: Called Strike
1-1: Swinging Strike
1-2: Ball
2-2: Strikes out swinging
Batting: LHB Sherman Kline 0-0: Ball
1-0: Foul Ball, location: 2F
1-1: SINGLE (Line Drive, 8RS, EV 91.9 MPH)
Bartolo Tasis scores
Karel van Capelle to third
Runner from 3rd tries for Home, SAFE, no throw by CF
Batting: RHB Jorge Pagán 0-0: Ball
1-0: Fly out, F7 (Flyball, 7S, EV 95.6 MPH)
Top of the 3rd over - 5 runs, 5 hits, 0 errors, 1 left on base; Memphis 5 - Crowley 0
BOTTOM OF THE 3RD
Crowley Cajuns batting - Pitching for Memphis Music : RHP Sergio Palácios
Batting: RHB Joe Gilmore 0-0: Ball
1-0: Called Strike
1-1: Called Strike
1-2: SINGLE (Line Drive, 3D, EV 108.1 MPH)
Batting: RHB Emery Nelson 0-0: Ball
1-0: Ball
2-0: Ball
3-0: Base on Balls
Joe Gilmore to second
Batting: SHB John Joseph 0-0: Called Strike
0-1: Ball
1-1: Fly out, F9 (Flyball, 9LSF, EV 86.2 MPH)
Batting: RHB Arturo Cicerón 0-0: DOUBLE (Line Drive, 89D, EV 101.2 MPH)
Joe Gilmore scores
Emery Nelson to third
Batting: RHB Vicente Perales 0-0: SINGLE (Groundball, 56D, EV 96.9 MPH)
Emery Nelson scores
Arturo Cicerón to third
Runner from 3rd tries for Home, SAFE, no throw by LF
Batting: RHB Norbert Schalk 0-0: Grounds into double play, 5-4-3 (Groundball, 56, EV 78.1 MPH)
Bottom of the 3rd over - 3 runs, 3 hits, 0 errors, 0 left on base; Memphis 5 - Crowley 3
TOP OF THE 4TH
Memphis Music batting - Pitching for Crowley Cajuns : RHP Ramón Aragón
Batting: RHB David Maddox 0-0: Called Strike
0-1: Ball
1-1: Ball
2-1: Ball
3-1: Swinging Strike
3-2: Foul Ball, location: 2F
3-2: Foul Ball, location: 2F
3-2: Strikes out swinging
Batting: RHB Luis Esparza 0-0: SINGLE (Line Drive, 7S, EV 91.2 MPH)
Batting: RHB Gerry Blanch 0-0: Foul Ball, location: 2F
0-1: Called Strike
0-2: Strikes out swinging
Batting: LHB Bartolo Tasis 0-0: Ball
1-0: SINGLE (Line Drive, 6MD, EV 94.4 MPH)
Luis Esparza to second
Runner from 2nd tries for 3rd, OUT! 8-5
Top of the 4th over - 0 runs, 2 hits, 0 errors, 1 left on base; Memphis 5 - Crowley 3
BOTTOM OF THE 4TH
Crowley Cajuns batting - Pitching for Memphis Music : RHP Sergio Palácios
Batting: LHB Dustin Damitz 0-0: Called Strike
0-1: Ground out 6-3 (Groundball, 6M, EV 86.2 MPH)
Batting: RHB Kennet Udinga 0-0: Ground out 5-3 (Groundball, 56, EV 78.1 MPH)
Batting: RHB Archie Pittman 0-0: Foul Ball, location: 2F
0-1: Ball
1-1: Fly out, F8 (Flyball, 8RXD, EV 90.6 MPH)
Bottom of the 4th over - 0 runs, 0 hits, 0 errors, 0 left on base; Memphis 5 - Crowley 3
TOP OF THE 5TH
Memphis Music batting - Pitching for Crowley Cajuns : RHP Ramón Aragón
Batting: RHB Nathan Nelson 0-0: Ground out 5-3 (Groundball, 5S, EV 90.6 MPH)
Batting: RHB Karel van Capelle 0-0: Foul Ball, location: 2F
0-1: Ground out 1-3 (Groundball, P, EV 66.9 MPH)
Batting: SHB Yosuke Daisen 0-0: Called Strike
0-1: Ball
1-1: Ball
2-1: Swinging Strike
2-2: Ball
3-2: Foul Ball, location: 2F
3-2: Foul Ball, location: 2F
3-2: Foul Ball, location: 2F
3-2: Strikes out swinging
Top of the 5th over - 0 runs, 0 hits, 0 errors, 0 left on base; Memphis 5 - Crowley 3
BOTTOM OF THE 5TH
Crowley Cajuns batting - Pitching for Memphis Music : RHP Sergio Palácios
Batting: RHB Joe Gilmore 0-0: Ball
1-0: Called Strike
1-1: SINGLE (Flyball, 9LM, EV 101.2 MPH)
Batting: RHB Emery Nelson 0-0: Called Strike
0-1: Swinging Strike
0-2: Strikes out looking
Batting: SHB John Joseph 0-0: Ball
1-0: Foul Ball, location: 2F
1-1: Ball
2-1: SINGLE (Groundball, 34D, EV 93.8 MPH)
Joe Gilmore to second
Runner from 2nd tries for 3rd, SAFE, no throw by RF
Batting: RHB Arturo Cicerón 0-0: Called Strike
0-1: Ball
1-1: Fly out, F4 (Popup, 34, EV 71.9 MPH)
Batting: RHB Vicente Perales 0-0: Ball
1-0: Foul Ball, location: 2F
1-1: Fly out, F9 (Flyball, 89M, EV 85.0 MPH)
Bottom of the 5th over - 0 runs, 2 hits, 0 errors, 2 left on base; Memphis 5 - Crowley 3
TOP OF THE 6TH
Memphis Music batting - Pitching for Crowley Cajuns : RHP Ramón Aragón
Pitching: RHP Mauro Sandín
Batting: LHB Sherman Kline 0-0: Called Strike
0-1: Ball
1-1: Swinging Strike
1-2: Strikes out looking
Batting: RHB Jorge Pagán 0-0: Ball
1-0: Ground out 6-3 (Groundball, 56, EV 78.8 MPH)
Batting: RHB David Maddox 0-0: Foul Ball, location: 2F
0-1: Ground out 6-3 (Groundball, 56D, EV 108.1 MPH)
Top of the 6th over - 0 runs, 0 hits, 0 errors, 0 left on base; Memphis 5 - Crowley 3
BOTTOM OF THE 6TH
Crowley Cajuns batting - Pitching for Memphis Music : RHP Sergio Palácios
Batting: RHB Norbert Schalk 0-0: Foul Ball, location: 2F
0-1: Called Strike
0-2: Strikes out swinging
Batting: LHB Dustin Damitz 0-0: Ball
1-0: Fly out, F7 (Flyball, 7LS, EV 89.4 MPH)
Batting: RHB Kennet Udinga 0-0: Ball
1-0: Called Strike
1-1: Ball
2-1: Foul Ball, location: 2F
2-2: Ball
3-2: Base on Balls
Batting: RHB Archie Pittman 0-0: Ball
1-0: Fielders Choice at 2nd, 6-4 (Groundball, 56, EV 80.0 MPH)
Bottom of the 6th over - 0 runs, 0 hits, 0 errors, 1 left on base; Memphis 5 - Crowley 3
TOP OF THE 7TH
Memphis Music batting - Pitching for Crowley Cajuns : RHP Mauro Sandín
Batting: RHB Luis Esparza 0-0: Ball
1-0: Called Strike
1-1: Foul Ball, location: 2F
1-2: Ball
2-2: Strikes out swinging
Batting: RHB Gerry Blanch 0-0: Ball
1-0: Foul Ball, location: 2F
1-1: Called Strike
1-2: Ball
2-2: Foul Ball, location: 2F
2-2: SINGLE (Line Drive, 78S, EV 111.9 MPH)
Batting: LHB Bartolo Tasis 0-0: Foul Ball, location: 2F
0-1: Ball
1-1: Foul Ball, location: 2F
1-2: Fly out, F7 (Flyball, 7D, EV 105.6 MPH)
Batting: RHB Nathan Nelson 0-0: Ball
1-0: Ground out 4-3 (Groundball, 34, EV 101.2 MPH)
Top of the 7th over - 0 runs, 1 hit, 0 errors, 1 left on base; Memphis 5 - Crowley 3
BOTTOM OF THE 7TH
Crowley Cajuns batting - Pitching for Memphis Music : RHP Sergio Palácios
Batting: RHB Joe Gilmore 0-0: Called Strike
0-1: Ground out 5-3 (Groundball, 5, EV 81.2 MPH)
Batting: RHB Emery Nelson 0-0: Foul Ball, location: 2F
0-1: Called Strike
0-2: Foul Ball, location: 2F
0-2: Ball
1-2: Foul Ball, location: 2F
1-2: Ball
2-2: Ball
3-2: Foul Ball, location: 2F
3-2: Foul Ball, location: 2F
3-2: Ground out 6-3 (Groundball, 6, EV 78.8 MPH)
Batting: SHB John Joseph 0-0: Ball
1-0: Foul Ball, location: 2F
1-1: Foul Ball, location: 2F
1-2: Hit by Pitch
Pitching: RHP Phil Alldred
Batting: RHB Arturo Cicerón 0-0: Swinging Strike
0-1: Called Strike
0-2: Ball
1-2: Ball
2-2: SINGLE (Groundball, 6D, EV 105.0 MPH)
John Joseph to second
Batting: RHB Vicente Perales 0-0: Ball
1-0: Fly out, F3 (Popup, 3DF, EV 51.9 MPH)
Bottom of the 7th over - 0 runs, 1 hit, 0 errors, 2 left on base; Memphis 5 - Crowley 3
TOP OF THE 8TH
Memphis Music batting - Pitching for Crowley Cajuns : RHP Mauro Sandín
Batting: RHB Karel van Capelle 0-0: Ball
1-0: Called Strike
1-1: Swinging Strike
1-2: Ball
2-2: Strikes out swinging
Batting: SHB Yosuke Daisen 0-0: Foul Ball, location: 2F
0-1: Ball
1-1: Swinging Strike
1-2: Strikes out swinging
Batting: LHB Sherman Kline 0-0: Called Strike
0-1: Foul Ball, location: 2F
0-2: Ball
1-2: Strikes out swinging
Top of the 8th over - 0 runs, 0 hits, 0 errors, 0 left on base; Memphis 5 - Crowley 3
BOTTOM OF THE 8TH
Crowley Cajuns batting - Pitching for Memphis Music : RHP Phil Alldred
Batting: RHB Norbert Schalk 0-0: Ball
1-0: Ball
2-0: Ball
3-0: Called Strike
3-1: Base on Balls
Batting: LHB Dustin Damitz 0-0: Ball
1-0: 2-RUN HOME RUN (Flyball, 9LD, EV 99.4 MPH), Distance : 343 ft
Batting: RHB Kennet Udinga 0-0: Swinging Strike
0-1: Swinging Strike
0-2: Foul Ball, location: 2F
0-2: Strikes out swinging
Batting: RHB Archie Pittman 0-0: Ball
1-0: Swinging Strike
1-1: Fly out, F9 (Flyball, 9LM, EV 85.0 MPH)
Batting: RHB Joe Gilmore 0-0: Swinging Strike
0-1: Ball
1-1: Swinging Strike
1-2: Ball
2-2: Foul Ball, location: 2F
2-2: Foul Ball, location: 2F
2-2: Strikes out looking
Bottom of the 8th over - 2 runs, 1 hit, 0 errors, 0 left on base; Memphis 5 - Crowley 5
TOP OF THE 9TH
Memphis Music batting - Pitching for Crowley Cajuns : RHP Mauro Sandín
Pinch Hitting: RHB Rodrigo Jiménez 0-0: Called Strike
0-1: Ball
1-1: Ball
2-1: Fly out, F8 (Flyball, 8RXD, EV 111.9 MPH)
Pinch Hitting: RHB Ramón Semprún 0-0: Called Strike
0-1: Ball
1-1: Ball
2-1: SINGLE (Line Drive, 8RS, EV 101.2 MPH)
Pitching: LHP Héctor Sanz
Pinch Hitting: RHB Yasukazu Yano 0-0: Ball
1-0: Called Strike
1-1: Called Strike
1-2: Foul Ball, location: 2F
1-2: Ball
2-2: Ball
3-2: Ground out 5-3 (Groundball, 56, EV 81.2 MPH)
Ramón Semprún to second
Pinch Hitting: RHB Millard Morris 0-0: Intentional Walk
Batting: LHB Bartolo Tasis 0-0: Called Strike
0-1: Called Strike
0-2: Ball
1-2: Strikes out swinging
Top of the 9th over - 0 runs, 1 hit, 0 errors, 2 left on base; Memphis 5 - Crowley 5
BOTTOM OF THE 9TH
Crowley Cajuns batting - Pitching for Memphis Music : RHP Phil Alldred
Now at C: Pavpv Ojgibesov
Now at 1B: Freddie Butterworth
Now at 2B: Yasukazu Yano
Now at 3B: Jung Chong
Pinch Hitting: SHB David Knight 0-0: Foul Ball, location: 2F
0-1: Foul Ball, location: 2F
0-2: Foul Ball, location: 2F
0-2: Ball
1-2: SINGLE (Flyball, 89M, EV 92.5 MPH)
Pitching: RHP Da'wan Gaines
Batting: SHB John Joseph 0-0: SINGLE (Groundball, 34D, EV 104.4 MPH)
David Knight to second
Runner from 2nd tries for 3rd, SAFE, no throw by RF
Batting: RHB Arturo Cicerón 0-0: Ball
1-0: Swinging Strike
1-1: Foul Ball, location: 2F
1-2: Ball
2-2: Strikes out looking
Batting: RHB Vicente Perales 0-0: Ball
1-0: Ground out 5-3 (Groundball, 6S, EV 74.4 MPH)
John Joseph to second
Batting: RHB Norbert Schalk 0-0: Intentional Walk
Batting: LHB Dustin Damitz 0-0: Called Strike
0-1: Called Strike
0-2: Strikes out looking
Bottom of the 9th over - 0 runs, 2 hits, 0 errors, 3 left on base; Memphis 5 - Crowley 5
TOP OF THE 10TH
Memphis Music batting - Pitching for Crowley Cajuns : LHP Héctor Sanz
Now at C: David Gustafson
Batting: RHB Nathan Nelson 0-0: Ball
1-0: SINGLE (Groundball, 56D, EV 106.2 MPH)
Batting: RHB Karel van Capelle 0-0: Called Strike
0-1: Foul Ball, location: 2F
0-2: Ball
Nathan Nelson is caught stealing 2nd base 2-4
1-2: Foul Ball, location: 2F
1-2: Strikes out looking
Batting: SHB Yosuke Daisen 0-0: Ball
1-0: Called Strike
1-1: Swinging Strike
1-2: Foul Ball, location: 2F
1-2: SINGLE (Groundball, 56D, EV 94.4 MPH)
Pinch Hitting: RHB Kalani Puakea 0-0: Called Strike
0-1: Foul Ball, location: 2F
0-2: Ball
1-2: Foul Ball, location: 2F
1-2: Ball
2-2: Ball
3-2: Fly out, F8 (Flyball, 8LS, EV 92.5 MPH)
Top of the 10th over - 0 runs, 2 hits, 0 errors, 1 left on base; Memphis 5 - Crowley 5
BOTTOM OF THE 10TH
Crowley Cajuns batting - Pitching for Memphis Music : RHP Da'wan Gaines
Now in RF: Kalani Puakea
Batting: RHB Kennet Udinga 0-0: Ground out 5-3 (Groundball, 56, EV 110.0 MPH)
Batting: RHB Archie Pittman 0-0: Ball
1-0: Ball
2-0: SOLO HOME RUN (Line Drive, 78XD, EV 95.6 MPH), Distance : 433 ft
Friday, April 17th, 2020 - OOTP Baseball 20.8 Build 74